Map: Cactus Valley LE (Void)

Players

Nerchio - Winner!

  • Race: Zerg Zerg
  • Spawn Location: 11:00

Impact

  • Race: Zerg Zerg
  • Spawn Location: 5:00

Event: IEM XI Katowice - World Championship 2017

VOD

Have the link to the VOD?

Description

Time

  • Played on: Feb. 28, 2017, 6:23 a.m.
  • Length: 14:55

All games in this series

Show
View Real Time Build Order
Export as new Build Order

Nerchio Zerg - Winner!

Build Orders: Pool First 

Get SALT Encoding   

  12  0:00  Drone  
  13  0:12  Overlord  
  13  0:18  Drone  
  14  0:31  Drone x2  
  14  0:34  Drone  
  17  0:45  Spawning Pool  
  17  0:49  Drone  
  17  0:56  Drone  
  18  1:13  Hatchery  
  18  1:16  Extractor  
  18  1:17  Drone  
  17  1:21  Drone  
  18  1:31  Queen  
  20  1:34  Zergling x2  
  20  1:39  Drone  
  22  1:49  Overlord  
  22  2:07  Queen, Drone  
  25  2:11  Drone  
  26  2:17  Metabolic Boost  
  26  2:22  Drone  
  27  2:26  Queen  
  27  2:29  Zergling x2  
  30  2:33  Drone  
  30  2:35  Drone  
  32  2:38  Drone  
  32  2:39  Drone x2  
  34  2:49  Baneling Nest  
  33  2:51  Zergling x2  
  35  2:58  Zergling x2  
  35  3:06  Zergling x2  
  35  3:07  Overlord  
  36  3:26  Drone  
  36  3:27  Drone x4  
  40  3:31  Overlord  
  41  3:34  Zergling x2  
  41  3:35  Zergling x2, Hatchery  
  42  3:47  Zergling x4  
  44  3:49  Overlord  
  44  3:54  Zergling x6  
  44  3:55  Zergling x4  
  47  3:56  Zergling x2  
  47  3:59  Baneling x2  
  47  4:02  Zergling x2  
  48  4:07  Zergling x4  
  49  4:16  Queen  
  49  4:18  Drone x2  
  50  4:27  Extractor x2, Drone x2  
  50  4:28  Roach Warren, Baneling  
  50  4:29  Baneling  
  48  4:32  Drone x2  
  48  4:37  Drone  
  50  4:39  Drone  
  50  4:40  Drone  
  51  4:49  Drone  
  51  4:57  Overlord  
  51  5:10  Roach  
  51  5:11  Roach  
  51  5:13  Roach x2  
  58  5:14  Roach x2  
  58  5:21  Roach x4  
  67  5:22  Roach  
  67  5:23  Roach x2  
  72  5:29  Roach  
  72  5:30  Overlord  
  72  5:35  Baneling x2  
  74  5:36  Overlord  
  74  5:40  Zergling x2  
  74  5:41  Zergling x2  
  74  5:48  Overlord  
  74  5:49  Overlord  
  74  5:51  Roach  
  74  5:52  Zergling x2  
  74  5:53  Ravager  
  74  5:54  Ravager  
  79  5:59  Drone x3  
  79  6:05  Drone x3  
  80  6:12  Drone  
  80  6:13  Drone x3  
  80  6:18  Lair  
  84  6:20  Drone  
  84  6:24  Drone  
  85  6:26  Evolution Chamber  
  85  6:28  Drone, Ravager x2  
  85  6:32  Drone x3  
  90  6:36  Drone x2  
  90  6:37  Extractor  
  90  6:39  Drone  
  92  6:41  Drone x2  
  92  6:44  Drone x2  
  96  6:48  Overlord  
  96  6:52  Zerg Missile Weapons Level 1  
  96  6:54  Extractor  
  96  6:55  Extractor  
  96  6:56  Drone x3  
  96  6:57  Drone  
  96  6:58  Drone  
  99  7:03  Overlord  
  99  7:10  Drone  
  99  7:13  Overlord, Drone x3  
  106  7:15  Roach x2  
  106  7:16  Roach  
  106  7:19  Roach  
  106  7:21  Overlord  
  110  7:23  Glial Reconstitution  
  110  7:30  Roach  
  110  7:31  Roach x3  
  110  7:34  Roach  
  110  7:35  Roach  
  122  7:38  Overlord  
  122  7:39  Overlord  
  122  7:41  Roach  
  124  7:46  Roach x2  
  124  7:48  Overlord  
  124  7:50  Overlord  
  128  7:52  Overlord  
  128  7:54  Overseer x2  
  128  7:57  Overlord  
  128  7:59  Roach  
  128  8:00  Overseer  
  128  8:02  Roach  
  128  8:04  Roach  
  134  8:09  Roach x3  
  140  8:13  Overlord  
  140  8:16  Drone  
  140  8:18  Infestation Pit  
  140  8:32  Hatchery  
  140  8:33  Roach  
  140  8:34  Roach x4  
  149  8:37  Roach x2  
  149  8:39  Roach  
  149  8:41  Roach  
  157  8:42  Overseer  
  157  8:46  Roach x2  
  157  8:48  Overlord  
  161  8:52  Overlord  
  161  8:56  Roach x2  
  161  8:58  Overlord  
  161  9:01  Roach  
  161  9:02  Roach  
  169  9:03  Overlord  
  169  9:07  Infestor  
  169  9:08  Infestor  
  171  9:12  Infestor  
  171  9:15  Zerg Missile Weapons Level 2  
  173  9:18  Evolution Chamber  
  173  9:23  Ravager x2  
  173  9:24  Roach x3  
  180  9:25  Roach  
  180  9:27  Unknown, Roach  
  184  9:32  Infestor  
  186  9:39  Pneumatized Carapace  
  186  9:40  Roach x3  
  186  9:43  Overlord  
  192  9:49  Ravager x3  
  195  9:53  Overseer  
  195  9:55  Overseer  
  195  10:07  Roach x2  
  195  10:13  Burrow  
  199  10:17  Unknown  
  199  10:32  Roach  
  199  10:33  Roach  
  199  10:34  Roach  
  199  10:35  Roach  
  199  10:42  Roach  
  189  10:43  Roach  
  189  10:48  Roach  
  189  10:49  Roach x2  
  183  10:50  Roach x2  
  183  10:51  Roach x2  
  183  10:52  Roach  
  183  10:53  Roach x2  
  183  10:56  Roach x2  
  194  10:57  Roach x3  
  194  11:01  Roach x2  
  194  11:02  Roach x2  
  188  11:05  Roach  
  188  11:08  Roach x6  
  194  11:13  Roach x2  
  187  11:21  Roach x3  
  187  11:24  Roach  
  176  11:27  Roach  
  176  11:29  Overseer x2  
  176  11:30  Roach  
  176  11:31  Queen  
  169  11:35  Roach x2  
  169  11:38  Roach  
  170  11:41  Roach  
  170  11:44  Roach x2  
  170  11:45  Ravager x5  
  179  11:48  Roach  
  179  11:51  Roach  
  178  11:54  Roach  
  178  11:55  Roach  
  178  11:58  Zerg Ground Armor Level 1  
  178  11:59  Roach x4  
  190  12:01  Roach  
  190  12:07  Roach x2  
  196  12:09  Infestor  
  196  12:12  Extractor  
  197  12:30  Unknown x3  
  197  12:31  Unknown x3  
  197  12:41  Roach  
  199  12:53  Hive  
  196  13:01  Drone x3  
  199  13:06  Drone  
  199  13:07  Unknown  
  199  13:08  Spine Crawler x2  
  199  13:09  Spine Crawler x2  
  199  13:10  Drone x4  
  199  13:11  Spine Crawler x2  
  198  13:21  Infestor  
  200  13:32  Spine Crawler  
  200  13:34  Spine Crawler  
  198  13:48  Roach x9  
  190  13:54  Roach  
  176  13:57  Roach x2  
  176  13:59  Infestor x2  
  176  14:00  Roach x5  
  176  14:01  Roach x7  
  194  14:03  Roach  
  191  14:20  Hatchery, Roach x4  
  191  14:22  Roach  
  194  14:32  Roach x3  
  196  14:43  Overseer  
Show
View Real Time Build Order
Export as new Build Order

Impact Zerg 

Build Orders: Hatch First, Zergling Baneling 

Get SALT Encoding   

  12  0:00  Drone  
  13  0:13  Overlord  
  13  0:17  Drone  
  14  0:31  Drone x2  
  14  0:35  Drone  
  17  0:52  Hatchery  
  17  0:55  Drone  
  17  0:59  Drone  
  17  1:02  Extractor  
  17  1:15  Spawning Pool  
  16  1:18  Drone  
  16  1:23  Drone  
  18  1:30  Drone  
  19  1:40  Overlord  
  19  2:01  Metabolic Boost, Queen  
  19  2:02  Zergling x4  
  19  2:05  Queen  
  25  2:10  Drone  
  25  2:14  Drone  
  27  2:18  Drone  
  28  2:25  Baneling Nest  
  28  2:28  Drone  
  28  2:29  Drone  
  29  2:36  Drone x2  
  31  2:47  Zergling x2  
  31  2:49  Zergling x2  
  33  2:55  Overlord  
  33  3:04  Hatchery  
  31  3:07  Drone  
  33  3:12  Zergling x2  
  33  3:13  Zergling x4  
  33  3:17  Zergling x4  
  37  3:21  Baneling x2  
  37  3:22  Zergling x2  
  37  3:25  Zergling x2  
  39  3:28  Zergling x2  
  39  3:33  Overlord  
  40  3:35  Drone  
  40  3:40  Baneling x2  
  41  3:42  Drone  
  41  3:43  Drone  
  41  3:47  Drone  
  44  3:50  Overlord  
  44  3:53  Drone  
  43  3:59  Baneling x2, Drone x2  
  43  4:02  Drone  
  46  4:03  Drone  
  46  4:08  Baneling  
  47  4:15  Roach Warren, Drone  
  45  4:17  Overlord  
  45  4:19  Baneling  
  45  4:24  Drone x2  
  45  4:27  Extractor  
  45  4:35  Zergling x12  
  51  4:40  Zergling x6  
  51  4:55  Roach  
  51  4:56  Roach x4  
  59  5:01  Roach x3  
  59  5:04  Overlord  
  67  5:07  Roach  
  67  5:12  Roach  
  67  5:18  Roach  
  67  5:20  Roach  
  67  5:21  Roach  
  73  5:23  Zergling x2, Roach  
  73  5:27  Zergling x2  
  77  5:28  Zergling x2  
  77  5:31  Zergling x2  
  77  5:33  Baneling x2  
  79  5:39  Evolution Chamber, Extractor, Drone  
  79  5:41  Drone  
  79  5:42  Drone  
  78  5:48  Queen  
  78  5:49  Drone  
  81  5:50  Overlord  
  81  5:54  Overlord  
  81  6:01  Drone  
  81  6:02  Overlord  
  74  6:05  Drone  
  74  6:07  Drone  
  74  6:09  Drone  
  72  6:12  Drone  
  72  6:16  Roach  
  72  6:18  Roach  
  75  6:22  Roach x2  
  79  6:26  Zerg Missile Weapons Level 1  
  79  6:28  Roach  
  79  6:31  Roach  
  83  6:38  Overlord x2  
  83  6:42  Drone  
  83  6:44  Ravager  
  83  6:46  Ravager  
  86  6:49  Overlord  
  86  6:53  Drone x3  
  90  6:54  Drone  
  90  6:56  Drone  
  90  6:59  Ravager  
  93  7:01  Drone  
  93  7:02  Overlord  
  93  7:05  Drone  
  93  7:06  Drone  
  93  7:07  Drone  
  96  7:09  Drone  
  96  7:12  Ravager  
  96  7:14  Drone  
  98  7:18  Lair  
  98  7:19  Drone  
  98  7:22  Overlord  
  99  7:33  Drone x8  
  99  7:36  Drone  
  110  7:37  Drone x2  
  110  7:38  Drone  
  110  7:40  Drone  
  110  7:41  Drone  
  110  7:44  Extractor, Drone  
  114  7:45  Extractor  
  114  7:46  Overlord  
  114  7:50  Overlord  
  114  7:51  Overlord  
  112  7:54  Overlord  
  112  7:56  Overlord  
  112  8:05  Roach  
  114  8:10  Extractor  
  114  8:12  Roach  
  123  8:13  Roach x7  
  123  8:15  Glial Reconstitution  
  123  8:17  Overseer  
  123  8:18  Overseer  
  123  8:19  Roach  
  131  8:28  Hatchery  
  131  8:31  Roach x3  
  130  8:37  Roach x4  
  130  8:40  Overlord  
  138  8:43  Unknown, Overlord  
  138  8:44  Unknown  
  138  8:54  Zerg Missile Weapons Level 2  
  140  9:02  Roach  
  140  9:03  Roach x3  
  140  9:05  Overlord x2  
  140  9:09  Overlord x2  
  146  9:10  Overseer  
  146  9:14  Burrow  
  146  9:23  Overlord x2  
  146  9:24  Overlord x2  
  146  9:31  Roach x3  
  152  9:32  Overseer  
  152  9:33  Tunneling Claws, Overseer  
  152  9:35  Ravager x3  
  152  9:36  Unknown, Ravager  
  152  9:37  Unknown x2  
  152  9:38  Roach  
  158  9:41  Roach  
  158  9:42  Roach  
  158  9:45  Roach x2  
  166  9:49  Roach x2  
  166  9:51  Ravager  
  173  9:53  Roach  
  173  9:55  Overlord  
  173  9:56  Overlord  
  173  10:00  Roach  
  173  10:01  Roach  
  173  10:04  Roach  
  179  10:07  Roach x2  
  179  10:08  Overlord  
  179  10:10  Ravager  
  184  10:14  Roach  
  184  10:15  Roach x2  
  184  10:19  Roach  
  184  10:20  Roach  
  192  10:34  Roach x6  
  185  10:45  Roach x5  
  185  10:46  Roach x3  
  162  10:50  Roach  
  162  10:51  Roach x3  
  149  10:58  Roach x4  
  144  11:08  Roach x4  
  144  11:10  Ravager x3  
  151  11:11  Roach  
  151  11:14  Roach x2  
  131  11:26  Roach x7  
  131  11:29  Roach  
  138  11:41  Roach  
  138  11:44  Hatchery, Roach  
  143  11:47  Roach  
  137  11:54  Drone x5  
  137  11:56  Extractor x2  
  137  11:57  Drone  
  137  11:58  Drone  
  137  12:00  Drone  
  143  12:02  Ravager x3  
  143  12:06  Roach  
  143  12:07  Roach  
  150  12:12  Roach  
  150  12:14  Drone  
  153  12:21  Roach x2  
  153  12:22  Roach x2  
  157  12:26  Roach  
  157  12:27  Roach x2  
  157  12:28  Ravager x2  
  164  12:30  Ravager  
  164  12:31  Unknown x5, Roach  
  164  12:32  Unknown x5  
  164  12:33  Roach x2  
  166  12:39  Roach  
  166  12:40  Roach  
  170  12:45  Roach  
  170  12:49  Roach x2  
  172  12:53  Roach  
  172  12:57  Roach x2  
  176  12:59  Roach  
  176  13:03  Roach  
  176  13:06  Ravager x4  
  176  13:08  Roach x2  
  184  13:15  Roach x9  
  184  13:17  Roach  
  184  13:18  Roach x2  
  194  13:21  Roach x2  
  194  13:25  Roach  
  194  13:26  Overlord  
  200  13:30  Overlord  
  200  13:32  Overlord  
  182  13:49  Roach x9  
  182  13:50  Roach x7  
  132  14:01  Roach x12  
  116  14:04  Roach x2  
  116  14:07  Roach  
  124  14:10  Roach x4  
  124  14:11  Roach x2  
  124  14:15  Roach x3  
  124  14:17  Roach x2  
  128  14:18  Ravager  
  128  14:19  Ravager x3  
  128  14:20  Roach  
  128  14:21  Unknown x5  
  128  14:22  Unknown x9, Ravager x2  
  128  14:23  Ravager  
  131  14:33  Roach x4  

Tags
 
Add a new tag
Caveats
  • Supply blocks, unpowered buildings, or Contaminate may cause inaccurate times.
  • Supply counts are checked every 10 seconds.